 Dungeon Crawl Stone Soup version 0.19-a0-1007-g133f65f (webtiles) character file.

59 mistymad the Skirmisher (level 4, -1/37 HPs)
             Began as a Formicid Abyssal Knight on July 21, 2016.
             Was a Believer of Lugonu.
             Slain by Crazy Yiuf
             ... wielding a +3 quarterstaff of chaos
              (2 damage)
             ... on level 2 of the Dungeon.
             The game lasted 00:04:47 (2545 turns).

mistymad the Skirmisher (Formicid Abyssal Knight)   Turns: 2545, Time: 00:04:47

Health: -1/37      AC:  3    Str: 17    XL:     4   Next: 22%
Magic:  5/5        EV: 12    Int: 12    God:    Lugonu [**....]
Gold:   85         SH:  0    Dex: 10    Spells: 0 memorised, 3 levels left

rFire  . . .     SeeInvis +     q - +0 battleaxe
rCold  . . .     Gourm    .     r - +0 leather armour (curse)
rNeg   . . .     Faith    .     (no shield)
rPois  .         Spirit   .     (helmet unavailable)
rElec  .         Dismiss  .     (no cloak)
rCorr  .         Reflect  .     (no gloves)
SustAt .         Harm     .     (no boots)
MR     .....                    (no amulet)
Stlth  +.........               (no ring)
                                (no ring)

@: lethally poisoned (-1 -> -9), not resistant to hostile enchantments, very
unstealthy
A: permanent stasis, dig shafts and tunnels, four strong arms, antennae 3
a: Dig, Shaft Self, Depart the Abyss, Bend Space, Renounce Religion


You were on level 2 of the Dungeon.
You worshipped Lugonu.
Lugonu was pleased with you.
You were near starving.

You visited 1 branch of the dungeon, and saw 2 of its levels.
You visited the Abyss 1 time.

You collected 85 gold pieces.

Inventory:

Hand Weapons
 a - a +1 hand axe
 q - a +0 battleaxe (weapon)
Armour
 m - a +0 buckler
 r - a cursed +0 leather armour (worn)
Scrolls
 b - a scroll of recharging {unknown}
 d - 6 scrolls of identify {unknown}
 e - 2 scrolls of fog {unknown}
 h - a scroll of noise {unknown}
 i - a scroll of immolation {unknown}
 j - 2 scrolls of remove curse {unknown}
 n - a scroll of enchant weapon {unknown}
 p - 3 scrolls of amnesia {unknown}
Potions
 f - a potion of berserk rage {unknown}
 g - a potion of flight {unknown}
 o - 2 potions of curing {unknown}
Comestibles
 c - 4 bread rations
 k - 2 meat rations
 l - a beef jerky


   Skills:
 + Level 3.8 Fighting
 + Level 2.6 Axes
 + Level 2.9 Armour
 + Level 1.9 Dodging
 - Level 2.1 Invocations


You had 3 spell levels left.
You didn't know any spells.

Dungeon Overview and Level Annotations

Branches:
Dungeon (2/15)

Altars:

Annotations:
D:2 Crazy Yiuf


Innate Abilities, Weirdness & Mutations

You are under a permanent stasis effect.
You can dig through walls and to a lower floor.
Your four strong arms can wield two-handed weapons with a shield.
You have a pair of large antennae on your head. (SInv)


Message History

You closely miss Crazy Yiuf. Crazy Yiuf closely misses you.
Crazy Yiuf yells, "Lay mumblescurry tired!"
Crazy Yiuf hits you with a quarterstaff of chaos!
Your stasis keeps you stable.
You take 7 damage, and have 30/37 hp.
You closely miss Crazy Yiuf.
Crazy Yiuf hits you with a quarterstaff of chaos!
You are poisoned.
You take 9 damage, and have 21/37 hp.
MASSIVE DAMAGE!!
You closely miss Crazy Yiuf.
You feel sick. Crazy Yiuf barely misses you.
You take 2 damage, and have 19/37 hp.
You slash Crazy Yiuf!
Crazy Yiuf is almost dead.
You feel sick.
Crazy Yiuf hits you with a quarterstaff of chaos!
* * * LOW HITPOINT WARNING * * *
Crazy Yiuf freezes you.
* * * LOW HITPOINT WARNING * * *
Crazy Yiuf hits you with a quarterstaff of chaos.
You die...

..........#.#.....
...............####
....)(......#.... ###
..........### ### ..#
...#......# #.# ...#.....##
♣♣♣♣♣### #.### ..........#
#### ♣♣♣.♣....###.#..
...#...####
#...#♣..♣.PP...##..#. #..##.##
#..g@.♣♣♣♣.......#... #..##.#
#)..#♣♣ ♣♣P.......#. #..##.##
#### ♣♣##...#... #......#
###...#. ####...#### ##(#...
#......#################....#.
##........................#...
#.######.##############....#.
#.....<..# ##.....


You could see Crazy Yiuf.

Vanquished Creatures
  An adder (D:2)
  2 worms (D:2)
  2 giant geckos (D:1)
  7 bats
  A giant cockroach (D:1)
  5 goblins (D:1)
  5 hobgoblins
  7 kobolds
  A ball python (D:2)
  A giant newt (D:1)
  7 rats (D:1)
39 creatures vanquished.

Notes
Turn   | Place    | Note
-------+----------+-------------------------------------------
     0 | Abyss:1  | mistymad the Formicid Abyssal Knight began the quest for the Orb.
     0 | Abyss:1  | Reached XP level 1. HP: 18/18 MP: 2/2
    33 | Abyss:1  | Found a corrupted altar of Lugonu.
    79 | D:1      | Escaped the Abyss
   147 | D:1      | Reached skill level 1 in Dodging
   233 | D:1      | Reached XP level 2. HP: 16/24 MP: 3/3
   792 | D:1      | Reached ** piety under Lugonu
   825 | D:1      | Reached XP level 3. HP: 29/29 MP: 4/4
  1988 | D:2      | Reached XP level 4. HP: 26/37 MP: 5/5
  2512 | D:2      | Found a runed door.
  2540 | D:2      | Noticed Crazy Yiuf
  2545 | D:2      | HP: 1/37 [Crazy Yiuf/quarterstaff of chaos (4)]
  2545 | D:2      | Slain by Crazy Yiuf

Vault maps used:
D:1:      dpeg_arrival_concentric_ovals, kennysheep_pointless_box
D:2:      serial_forest, infiniplex_forest_diagonal, infiniplex_forest_end_2,
          infiniplex_forest_clump_small, infiniplex_forest_pool,
          infiniplex_forest_lined_corner, infiniplex_forest_end_2,
          infiniplex_forest_clump_small, infiniplex_forest_lined_room_2,
          infiniplex_forest_lined_ring, hex_medium, kennysheep_cross_bottleneck,
          uniq_crazy_yiuf_cottage
Abyss:1:  evilmike_abyss_exit_4

Skill      XL: |  1 |
---------------+----+-----
Dodging        | 1 |  1.9
Fighting       | |  3.8
Axes           | |  2.6
Armour         | |  2.9
Invocations    | |  2.1

Action                   |  1- 3 |  4- 6 || total
-------------------------+-------+-------++-------
Melee: Hand axe          |   113 |    25 ||   138
       Battleaxe         |       |     4 ||     4
  Eat: Chunk             |     2 |       ||     2
       Pizza             |       |     1 ||     1
Armor: Leather armour    |    36 |    15 ||    51
Dodge: Dodged            |    68 |    35 ||   103
